Map: Simulacrum LE

Players

Wilhelm

  • Race: Terran Terran
  • League: Diamond
  • Spawn Location: 5:00

bleu - Winner!

  • Race: Zerg Zerg
  • League: Diamond
  • Spawn Location: 11:00

VOD

Have the link to the VOD?

Description

Time

  • Played on: March 29, 2020, 10:55 p.m.
  • Length: 19:59
Show
View Real Time Build Order
Export as new Build Order

Wilhelm Terran 

Build Orders: Gas First Reaper Expand, Hellion Banshee 

Get SALT Encoding   

  12  0:01  SCV  
  13  0:13  SCV  
  14  0:17  Supply Depot  
  14  0:25  SCV  
  15  0:29  Refinery  
  15  0:39  SCV  
  16  0:48  Barracks  
  16  0:54  SCV  
  17  1:06  SCV  
  18  1:18  SCV  
  19  1:35  Orbital Command  
  19  1:36  Reaper  
  20  1:57  Command Center  
  20  2:08  SCV  
  21  2:10  Barracks Reactor  
  21  2:15  Refinery  
  21  2:18  Factory  
  21  2:20  SCV  
  22  2:27  Supply Depot  
  22  2:32  SCV  
  23  2:49  SCV  
  24  3:01  SCV  
  25  3:07  Starport, Barracks Tech Lab  
  25  3:13  SCV  
  25  3:18  Orbital Command  
  28  3:20  Hellion x2  
  28  3:25  SCV  
  31  3:31  Supply Depot  
  31  3:37  SCV  
  31  3:39  Barracks Reactor  
  32  3:44  SCV  
  32  3:46  Hellion x2  
  37  3:49  SCV  
  37  3:54  Cloaking Field  
  38  3:56  SCV  
  38  3:59  Banshee  
  38  4:01  SCV  
  43  4:08  SCV  
  44  4:14  SCV  
  44  4:19  Supply Depot, Marine x2  
  44  4:20  SCV  
  44  4:21  Hellion  
  44  4:22  Hellion  
  51  4:28  SCV, Supply Depot  
  52  4:33  Supply Depot  
  52  4:38  Supply Depot  
  52  4:46  SCV  
  52  4:50  Banshee  
  56  4:54  SCV  
  56  4:59  SCV  
  58  5:00  Marine x2, Barracks  
  58  5:01  Barracks  
  58  5:06  SCV  
  61  5:11  SCV  
  62  5:16  Factory Tech Lab  
  62  5:17  Refinery  
  62  5:18  SCV  
  62  5:19  Refinery  
  62  5:20  Marine x2  
  65  5:23  SCV  
  66  5:30  SCV  
  67  5:37  Command Center, Marine x2  
  67  5:40  Siege Tank  
  72  5:44  SCV  
  72  5:48  Supply Depot  
  72  5:49  Barracks Tech Lab  
  73  5:50  Barracks Reactor  
  73  5:55  Marine x2  
  75  5:58  SCV  
  75  5:59  SCV  
  75  6:02  Supply Depot  
  77  6:13  Marine x2  
  71  6:27  SCV x2  
  71  6:30  Marine x2  
  71  6:34  Stimpack  
  71  6:36  Engineering Bay x2  
  71  7:07  SCV, Orbital Command  
  71  7:08  Marine x2  
  67  7:09  Marine  
  67  7:10  SCV  
  70  7:16  Terran Infantry Weapons Level 1, Terran Infantry Armor Level 1  
  70  7:19  Armory  
  70  7:23  SCV, Marine x2  
  70  7:25  Barracks  
  70  7:26  Barracks  
  70  7:27  Barracks  
  73  7:32  Siege Tank  
  73  7:36  Orbital Command  
  76  7:38  SCV  
  76  7:39  SCV  
  78  7:44  Marine x2  
  78  7:47  Marine  
  81  8:05  Supply Depot  
  81  8:09  SCV x2, Supply Depot  
  81  8:10  Supply Depot  
  84  8:12  SCV  
  84  8:16  Marine  
  84  8:17  Refinery  
  84  8:18  Medivac x2  
  84  8:19  Marine  
  90  8:21  SCV x2  
  90  8:25  SCV  
  93  8:28  Missile Turret  
  93  8:31  Barracks Reactor  
  93  8:32  Barracks Reactor x2  
  93  8:33  SCV  
  93  8:34  Missile Turret  
  94  8:35  Barracks Tech Lab  
  94  8:36  Marauder, Marine  
  94  8:38  Siege Tank  
  94  8:41  Missile Turret  
  100  8:48  Refinery  
  100  8:52  Marine  
  100  8:54  Marine  
  102  8:56  Combat Shield  
  102  8:58  SCV  
  102  9:01  Marine x3  
  106  9:04  Terran Vehicle Weapons Level 1  
  106  9:07  Command Center  
  106  9:08  Supply Depot, Factory  
  106  9:10  Siege Tank  
  106  9:14  Supply Depot  
  106  9:15  Supply Depot  
  106  9:16  SCV, Supply Depot  
  110  9:19  Marine x6  
  110  9:20  Marine x3  
  110  9:21  Medivac x2  
  120  9:37  Missile Turret  
  118  9:40  Marine  
  118  9:51  Medivac  
  119  9:55  SCV  
  120  10:03  Marine x5  
  125  10:13  Missile Turret  
  125  10:14  Terran Infantry Armor Level 2, Terran Infantry Weapons Level 2  
  125  10:15  Marine x5  
  130  10:22  Missile Turret x2  
  130  10:29  Missile Turret  
  130  10:40  Marine x3  
  130  10:42  Medivac, Marine x2  
  135  10:43  Marine  
  120  11:05  Marine  
  120  11:06  Marine x9  
  120  11:08  Siege Tank  
  120  11:10  Medivac  
  135  11:12  Medivac  
  137  11:23  Marine  
  137  11:24  Marine x9  
  129  11:38  Factory Tech Lab  
  129  11:40  Medivac, Siege Tank  
  129  11:41  Supply Depot, Marine  
  129  11:42  Marine x7  
  129  11:43  Marauder x2  
  129  11:44  Supply Depot  
  146  11:59  Marine x2  
  146  12:00  Marine x6  
  154  12:03  Marine x2  
  154  12:06  Command Center  
  156  12:12  Siege Tank  
  156  12:15  Liberator x2  
  165  12:17  Marine x6  
  165  12:18  Marine x2  
  165  12:21  Marine  
  165  12:22  Marauder  
  175  12:35  Marine x2  
  175  12:37  Command Center  
  177  12:42  Marine  
  177  12:43  Marine  
  179  12:44  Siege Tank  
  179  12:45  Command Center  
  182  13:16  Siege Tank  
  182  13:17  Marine  
  182  13:18  Marine x3  
  189  13:32  Marine x5  
  189  13:33  Marine  
  170  13:35  Marine x2  
  170  13:36  Marine x2  
  86  13:50  Marine x6  
  86  13:53  Marine x2  
  86  13:54  Marine x2  
  88  14:08  Marine x6  
  93  14:11  Marine x2, Widow Mine x2  
  93  14:12  Marine x2  
  93  14:15  Drilling Claws  
  88  14:26  Marine x6  
  88  14:29  Marine x4  
  93  14:33  Widow Mine, Siege Tank  
  98  14:43  Marine  
  98  14:44  Marine x5  
  104  14:47  Planetary Fortress  
  104  14:48  SCV  
  104  14:49  SCV  
  104  14:51  SCV  
  104  14:52  Missile Turret  
  107  14:54  Widow Mine  
  107  14:57  Liberator  
  108  15:00  Marine  
  108  15:05  Widow Mine  
  111  15:15  Terran Infantry Weapons Level 3, Ghost Academy, Widow Mine  
  113  15:23  Refinery x2  
  113  15:25  Missile Turret  
  113  15:26  Widow Mine  
  115  15:37  Widow Mine  
  115  15:40  SCV  
  118  15:48  Widow Mine  
  120  15:50  Ghost x2  
  124  15:58  Widow Mine  
  126  16:09  Widow Mine  
  124  16:18  Ghost  
  124  16:19  Ghost  
  124  16:20  Widow Mine  
  130  16:27  Command Center  
  130  16:30  Widow Mine  
  132  16:41  Widow Mine  
  132  16:43  Supply Depot  
  134  16:48  Marauder x2  
  134  16:52  Widow Mine  
  140  17:00  Barracks Tech Lab  
  139  17:09  Marauder x2  
  143  17:22  Marauder, Marine x2  
  147  17:30  Ghost  
  147  17:31  Marauder  
  137  17:40  Marine x3  
  137  17:41  Marine x2  
  137  17:42  Marine  
  137  17:43  Marauder  
  78  17:52  Marauder  
  78  17:58  Marine x4  
  79  17:59  Marauder, Marine  
  79  18:05  Marauder  
  77  18:06  Marine  
  74  18:14  Marauder  
  74  18:20  Marine  
  74  18:21  Marauder, Marine  
  74  18:26  Marauder  
  80  18:35  Marauder  
  82  18:41  Orbital Command  
  82  18:42  Marauder  
  82  18:48  Marauder  
  86  18:56  Marauder  
  88  19:02  Ghost  
  88  19:08  Ghost  
  92  19:11  SCV x2  
  94  19:17  Ghost  
  94  19:21  Medivac x2  
  94  19:23  SCV  
Show
View Real Time Build Order
Export as new Build Order

bleu Zerg - Winner!

Build Orders: Hatch First, Muta Ling Bane 

Get SALT Encoding   

  12  0:01  Drone  
  13  0:13  Overlord  
  13  0:19  Drone  
  14  0:32  Drone x2  
  16  0:50  Hatchery  
  16  0:53  Drone  
  16  0:57  Drone  
  16  1:00  Drone  
  18  1:12  Extractor  
  18  1:17  Spawning Pool  
  16  1:20  Drone  
  16  1:23  Drone  
  18  1:29  Drone  
  19  1:39  Drone  
  20  2:03  Queen x2  
  20  2:04  Zergling x4  
  20  2:05  Overlord  
  26  2:18  Drone x2  
  26  2:19  Metabolic Boost  
  28  2:24  Drone x2  
  30  2:44  Hatchery  
  30  2:51  Drone x3  
  32  2:53  Drone  
  33  3:01  Queen  
  35  3:06  Overlord  
  34  3:14  Drone  
  34  3:15  Pneumatized Carapace  
  34  3:18  Overlord  
  35  3:30  Drone x5  
  35  3:32  Drone  
  41  3:38  Queen  
  41  3:40  Drone  
  44  3:42  Drone  
  45  3:49  Drone x3  
  48  3:57  Queen  
  48  4:00  Drone x2  
  48  4:01  Drone  
  53  4:08  Drone x2  
  53  4:09  Drone  
  56  4:14  Zergling x2  
  56  4:16  Overlord  
  57  4:23  Overlord  
  57  4:24  Overlord  
  57  4:32  Overlord  
  57  4:34  Queen  
  57  4:35  Zergling x2  
  57  4:36  Zergling x4  
  60  4:45  Extractor  
  60  4:46  Drone x3  
  60  4:47  Drone, Extractor x2  
  60  4:48  Drone x4  
  65  5:00  Zergling x16  
  73  5:08  Drone  
  73  5:12  Spore Crawler  
  73  5:13  Spore Crawler  
  72  5:17  Spore Crawler, Drone  
  72  5:18  Drone x2  
  72  5:19  Drone x3  
  72  5:20  Drone  
  78  5:22  Drone x2  
  78  5:26  Zergling x2  
  81  5:35  Drone x2  
  83  5:36  Lair  
  83  5:40  Evolution Chamber x2, Baneling Nest  
  80  5:44  Queen x2  
  80  5:47  Overlord  
  80  5:48  Drone x6  
  90  5:57  Spore Crawler  
  90  5:58  Drone  
  90  6:00  Overlord x2  
  87  6:25  Drone x13  
  89  6:33  Zerg Melee Weapons Level 1, Zerg Ground Armor Level 1, Centrifical Hooks  
  89  6:36  Drone  
  89  6:37  Spire  
  89  6:41  Drone x6  
  89  6:43  Extractor  
  89  6:45  Extractor  
  87  6:54  Drone x4  
  90  7:08  Drone x2  
  91  7:14  Drone  
  91  7:15  Drone x4  
  95  7:16  Drone x2  
  95  7:22  Hatchery, Zergling x6  
  100  7:36  Zergling x2  
  100  7:37  Zergling x14  
  108  7:46  Zergling x8  
  112  7:52  Overlord x2  
  112  8:02  Overlord  
  112  8:03  Overlord x2  
  112  8:14  Overlord  
  112  8:22  Mutalisk x9  
  112  8:24  Mutalisk  
  112  8:25  Mutalisk x2  
  136  8:30  Overlord x2  
  136  8:31  Zerg Ground Armor Level 2, Zerg Melee Weapons Level 2  
  136  8:33  Mutalisk x2  
  140  8:36  Zergling x12  
  140  8:38  Baneling  
  140  8:39  Baneling x4  
  146  8:44  Zergling x4  
  146  8:47  Infestation Pit  
  147  9:05  Overseer x4  
  147  9:19  Zergling x30  
  147  9:20  Zergling x2  
  161  9:38  Mutalisk x6  
  163  9:54  Zergling x8  
  167  10:02  Baneling x18  
  167  10:05  Overlord x2  
  167  10:11  Hive  
  167  10:19  Overlord x8  
  167  10:20  Overlord x4  
  167  10:21  Baneling x6  
  167  10:37  Hatchery  
  166  10:56  Overlord  
  166  10:57  Overlord x4  
  166  11:08  Overlord x3  
  166  11:09  Overlord  
  156  11:45  Zerg Melee Weapons Level 3  
  156  11:47  Adrenal Glands, Ultralisk Cavern  
  155  11:48  Viper x2  
  161  11:58  Viper  
  164  12:03  Queen  
  166  12:10  Zergling x38  
  166  12:11  Zergling x24  
  180  12:26  Zergling x16  
  183  12:30  Viper x2  
  183  12:35  Chitinous Plating  
  189  12:45  Extractor x2  
  186  13:09  Ultralisk x2  
  194  13:17  Ultralisk  
  188  13:36  Ultralisk  
  188  13:37  Ultralisk  
  165  13:43  Zergling x40  
  165  13:44  Zergling x34  
  199  13:54  Anabolic Synthesis  
  197  14:07  Zergling x4  
  198  14:22  Zerg Ground Armor Level 3  
  193  14:26  Corruptor x6  
  175  14:49  Greater Spire  
  175  14:51  Ultralisk x2  
  187  14:58  Corruptor  
  187  14:59  Corruptor  
  191  15:06  Baneling x8  
  191  15:07  Baneling  
  191  15:28  Baneling x14  
  191  15:29  Baneling x4  
  191  15:30  Baneling  
  191  15:31  Baneling  
  191  15:33  Hatchery, Extractor  
  189  15:36  Extractor  
  188  15:51  Ultralisk  
  190  16:03  Ultralisk x2  
  189  16:19  Ultralisk  
  189  16:21  Zergling x8  
  181  17:42  Ultralisk x3  
  194  17:50  Corruptor x3  
  191  18:00  Ultralisk  
  185  18:23  Ultralisk  
  185  18:24  Ultralisk x2  
  197  18:29  Brood Lord  
  199  18:48  Baneling x3  
  199  19:06  Hatchery  
  198  19:30  Zergling x12  
Tags
 
Add a new tag
Caveats
  • Supply blocks, unpowered buildings, or Contaminate may cause inaccurate times.
  • Supply counts are checked every 10 seconds.